 Dungeon Crawl Stone Soup version 0.28-a0-1524-ge72afd5fc6 (webtiles) character file.

Game seed: 18108023218664892212

207987 a3don the Severer (level 18, -6/178 HPs)
             Began as a Minotaur Berserker on Jan 17, 2022.
             Was a High Priest of Trog.
             Hit by a silver javelin thrown by a merfolk javelineer (9 damage)
             ... on level 4 of the Shoals.
             The game lasted 02:21:24 (37136 turns).

a3don the Severer (Minotaur Berserker)             Turns: 37136, Time: 02:21:25

Health: -6/178     AC: 37    Str: 30    XL:     18   Next: 11%
Magic:  17/17      EV: 13    Int:  4    God:    Trog [*****.]
Gold:   1123       SH:  0    Dex: 14    Spells: 17/17 levels left

rFire   . . .      SeeInvis .   a - +5 broad axe (freeze)
rCold   . . .      Faith    .   r - +0 tower shield of Intuition {Regen+}
rNeg    . . .      Spirit   .   o - +2 crystal plate armour
rPois   +          Reflect  +   B - +2 hat
rElec   .          Harm     .   c - +2 cloak
rCorr   .          Rampage  .   T - +0 pair of gloves
Will    +++..                   e - +1 pair of boots
Stlth   ..........              j - amulet of reflection
HPRegen 2.19/turn               M - ring of flight
MPRegen 0.15/turn               y - ring of the Death Scarab {rPois EV+4 Dex+4}

@: confused, lethally poisoned (-6 -> -7), ambrosia-drunk, strong-willed, on
berserk cooldown, flying, regenerating, slowed, very slow
A: horns 2, retaliatory headbutt
}: 1/15 runes: gossamer
a: Renounce Religion, Berserk, Trog's Hand, Brothers in Arms


You were on level 4 of the Shoals.
You worshipped Trog.
Trog was extremely pleased with you.
You visited 5 branches of the dungeon, and saw 30 of its levels.

You collected 2673 gold pieces.
You spent 1550 gold pieces at shops.

Inventory:

Hand Weapons
 a - a +5 broad axe of freezing (weapon)
 u - a +1 antimagic executioner's axe
 A - a +3 war axe of flaming
 P - a +1 broad axe of flaming
Missiles
 h - 8 javelins
 k - 7 silver javelins
 m - 3 boomerangs of dispersal
 q - 22 poisoned darts (quivered)
 x - 15 curare-tipped darts
 Q - 2 silver boomerangs
Armour
 c - a +2 cloak (worn)
 e - a +1 pair of boots (worn)
 o - a +2 crystal plate armour (worn)
 r - the +0 tower shield of Intuition (worn) {Regen+}
   (You took it off Louise on level 14 of the Dungeon)

   Regen:     It increases your rate of health regeneration.
 B - a +2 hat (worn)
 T - a +0 pair of gloves (worn)
Jewellery
 j - an amulet of reflection (around neck)
 y - the ring of the Death Scarab (right hand) {rPois EV+4 Dex+4}
   (You bought it in a shop on level 2 of the Orcish Mines)

   [ring of evasion]

   EV:        It affects your evasion (+4).
   Dex:       It affects your dexterity (+4).
   rPois:     It protects you from poison.
 M - a ring of flight (left hand)
 U - a ring of ice
 V - a ring of protection from fire
 Y - a ring of resist corrosion
Wands
 t - a wand of iceblast (25)
 z - a wand of paralysis (10)
 D - a wand of polymorph (8)
 I - a wand of acid (8)
 R - a wand of flame (33)
 S - a wand of charming (2)
Scrolls
 f - 4 scrolls of blinking
 g - 6 scrolls of immolation
 p - 9 scrolls of fear
 F - 6 scrolls of teleportation
 G - 4 scrolls of summoning
 J - a scroll of brand weapon
 W - a scroll of holy word
 X - 2 scrolls of fog
 Z - a scroll of magic mapping
Potions
 b - 2 potions of attraction
 d - 2 potions of cancellation
 i - 12 potions of haste
 l - a potion of invisibility
 s - 3 potions of might
 v - a potion of resistance
 w - 11 potions of curing
 C - 16 potions of ambrosia
 E - 3 potions of berserk rage
 K - 4 potions of lignification
 L - a potion of mutation
 O - 9 potions of heal wounds
Miscellaneous
 n - a box of beasts
 H - a phantom mirror
 N - a phial of floods


   Skills:
 + Level 19.8 Fighting
 - Level 20.0 Axes
 + Level 17.4 Armour
 - Level 9.0 Dodging
 * Level 19.4 Shields
 + Level 6.1 Evocations


You had 17 spell levels left.
You didn't know any spells.
Your spell library was empty.

Dungeon Overview and Level Annotations

Branches:
Dungeon (15/15)            Temple (0/1) D:6            Lair (5/6) D:9
 Shoals (4/4) Lair:4       Spider (4/4) Lair:3          Orc (2/2) D:11
    Elf (0/3) Orc:2        Vaults (0/5) D:14         Depths (0/4) D:15
  Slime: Lair:5-6

Altars:
Ashenzari
Makhleb
Trog
Wu Jian
Xom

Shops:
D:2 [   D:8 (   D:14 :   Orc:1 *   Orc:2 *=[=[

Annotations:
D:6 exclusion: oklob plant
D:13 3 runed translucent doors, Jiziv's ghost, journeyman DjCj
Lair:4 2 transporters, Shayle's ghost, journeyman DjWr
Lair:5 1 runed translucent door, Devyomi's ghost, journeyman GrBe
Shoals:1 9 exclusions
Spider:2 1 runed translucent door, Efoceph's ghost, adept GnFi


Innate Abilities, Weirdness & Mutations

You have a pair of horns on your head.
You reflexively headbutt those who attack you in melee.


Message History

You closely miss the merfolk javelineer.
The merfolk javelineer is severely wounded.
You closely miss the merfolk javelineer.
You slash the merfolk impaler! You freeze the merfolk impaler.
You feel very sick.
You block the merfolk impaler's attack. x2
You block the merfolk javelineer's attack.
The merfolk javelineer throws a silver javelin.
The silver javelin pierces through you!
* * * LOW HITPOINT WARNING * * *
x2 You block the merfolk impaler's attack.
You are confused.
You feel invigorated.
You feel very sick.
The merfolk javelineer throws a silver javelin.
The silver javelin pierces through you.
* * * LOW HITPOINT WARNING * * *
x2 The merfolk impaler hits you but does no damage.
You are more poisoned.
The merfolk javelineer throws a silver javelin.
The silver javelin pierces through you!!
* * * LOW HITPOINT WARNING * * *
x2 The merfolk impaler hits you with a +0 trident of venom.
* * * LOW HITPOINT WARNING * * *
The merfolk javelineer throws a silver javelin.
The silver javelin pierces through you.
* * * LOW HITPOINT WARNING * * *
x2 The merfolk javelineer throws a silver javelin.
The silver javelin pierces through you!
* * * LOW HITPOINT WARNING * * *
x2 You slash the merfolk javelineer!
You freeze the merfolk javelineer.
Your headbutt misses the merfolk javelineer.
The merfolk javelineer is almost dead.
You slash the merfolk javelineer! You freeze the merfolk javelineer.
You barely miss the merfolk impaler.
You feel very sick.
The merfolk impaler hits you but does no damage. x2
The merfolk javelineer throws a silver javelin.
The silver javelin pierces through you!
You die...

≈≈≈**,,,##...,......≈≈≈≈..≈≈≈≈≈≈≈
≈≈≈*,,,,,#.,,,...≈≈≈≈≈.≈≈≈≈≈≈≈≈≈≈
≈≈≈*,,,,,*,,,,,,≈≈≈≈≈≈≈≈≈≈≈≈≈≈≈≈≈
≈≈≈*,,,,,*,,,#####≈≈≈≈≈≈≈≈....≈≈≈
≈≈≈**,,,**,,##...##≈≈≈≈≈......≈≈≈
≈≈≈≈*****,,,#.....#≈≈≈≈≈≈..†..≈≈≈
≈≈≈≈,,,,,,,,#..φ..#≈≈≈≈≈≈.###≈≈≈≈
≈≈≈≈,*,,.,,,#.)mmm#≈≈≈≈≈≈.# #.≈≈≈
≈≈≈≈,*,,...,*#†)@##≈≈≈≈≈≈.###?≈≈≈
≈≈≈≈≈,,,.....##'##≈≈≈≈≈≈≈.....≈≈≈
≈≈≈≈≈,,,........≈≈≈≈≈≈≈≈≈≈≈≈≈≈≈≈≈
≈≈≈≈≈≈≈,.......≈≈≈≈≈≈≈≈≈≈≈≈≈≈≈≈≈≈
≈≈≈≈≈≈≈≈≈..≈≈≈≈≈≈≈≈≈≈≈≈≈≈≈≈≈≈≈≈≈≈
≈≈≈≈≈≈≈≈≈≈≈≈≈≈≈≈≈≈≈≈≈≈≈≈≈≈≈≈≈≈≈≈≈
≈≈≈≈≈≈≈≈≈≈≈≈≈≈≈≈≈≈≈≈≈≈≈≈≈≈≈≈≈≈≈≈≈
≈≈≈≈≈≈≈≈≈≈≈≈≈≈≈≈≈≈≈≈≈≈≈≈≈≈≈≈≈≈≈≈≈
≈≈≈≈≈≈≈≈≈≈≈≈≈≈≈≈≈≈≈≈≈≈≈≈≈≈≈≈≈≈≈≈≈


You could see a merfolk impaler and 2 merfolk javelineers.

Vanquished Creatures
  Saint Roka (Orc:2)
  Nikola (Shoals:1)
  Arachne (Spider:4)
  3 krakens
  6 emperor scorpions
  4 ghost moths
  Louise (D:14)
  2 broodmothers (Spider:1)
  3 entropy weavers (Spider:3)
  4 spark wasps
  A merfolk javelineer (Shoals:4)
  9 merfolk impalers
  6 hydras
  8 vault guards (D:14)
  6 boulder beetles
  Fannar (Lair:1)
  A jorogumo (Spider:3)
  6 centaur warriors
  Erica (Lair:2)
  5 satyrs
  2 radroaches
  3 merfolk avatars (Shoals:3)
  10 merfolk aquamancers
  7 two-headed ogres
  3 orc high priests (Orc:2)
  6 pharaoh ants
  2 sun moths (Spider:4)
  5 skeletal warriors
  8 sea snakes
  8 steelbarb worms
  12 orb spiders
  6 orc knights
  A deep elf pyromancer (D:13)
  14 harpies
  7 ugly things
  13 manticores
  9 fauns
  3 orc sorcerers (Orc:2)
  21 wolf spiders
  3 moths of wrath (Spider:4)
  5 cyclopes
  3 black mambas
  14 merfolk sirens
  15 cane toads
  3 torpor snails
  8 water nymphs
  A gargoyle (D:12)
  An unseen horror (D:13)
  9 demonic crawlers
  3 rime drakes
  Maggie (D:8)
  2 kobold demonologists
  7 komodo dragons
  3 efreet
  A tengu conjurer (D:13)
  24 merfolk
  A queen bee (Lair:2)
  A polar bear (Lair:2)
  8 trolls
  6 wind drakes
  8 slime creatures
  12 meliai
  2 hornets (Spider:4)
  Prince Ribbit (D:9)
  31 tarantellas
  8 dream sheep
  6 snapping turtles
  4 blink frogs (Lair:3)
  21 culicivoras
  42 jumping spiders
  15 water elementals
  5 wyverns
  33 yaks
  2 steam dragons
  3 wraiths
  2 basilisks
  60 redbacks
  2 acid dragons
  16 vampire mosquitoes
  12 water moccasins
  Duvessa (D:4)
  21 orc warriors
  A hornet zombie (D:9)
  3 sky beasts
  2 necrophages
  9 ogres
  13 wolves
  2 boggarts (D:15)
  13 centaurs
  A phantom (D:5)
  A kobold brigand (D:9)
  8 bullfrogs
  3 scorpions
  A water moccasin zombie (D:6)
  2 wyvern zombies
  A water moccasin skeleton (D:5)
  Dowan (D:4)
  10 wights
  25 killer bees
  9 howler monkeys
  3 centaur zombies
  9 jellies
  A hound (D:5)
  A gnoll shaman (D:8)
  Crazy Yiuf (D:4)
  A bullfrog skeleton (D:7)
  17 orc priests
  3 centaur skeletons
  Jessica (D:3)
  27 orc wizards
  2 iguanas
  A hound zombie (D:4)
  A howler monkey zombie (D:9)
  7 gnolls
  6 adders
  2 shadow imps
  A white imp (D:5)
  An adder skeleton (D:5)
  2 worms
  A dart slug (D:3)
  75 orcs
  7 ball pythons
  4 bats
  13 endoplasms
  12 goblins
  4 hobgoblins
  8 kobolds
  A frilled lizard (D:3)
  4 rats
  8 tentacles
965 creatures vanquished.

Vanquished Creatures (collateral kills)
  Roxanne (Shoals:3)
  A fire giant (D:15)
  An entropy weaver (Spider:3)
  A hydra (D:13)
  A boulder beetle (D:13)
  A centaur warrior (D:14)
  An orb spider (Spider:4)
  2 ugly things (D:14)
  A tarantella (Spider:3)
  2 redbacks (Spider:4)
  4 orc warriors (Orc:2)
  A boggart (D:15)
  2 orc priests (Orc:2)
  An orc wizard (Orc:2)
  2 orcs (Orc:2)
22 creatures vanquished.

Vanquished Creatures (others)
  5 manticores
  A jumping spider (Spider:1)
  19 fungi
  74 plants
  25 tentacles
124 creatures vanquished.

Grand Total: 1111 creatures vanquished

Notes
Turn   | Place    | Note
-------+----------+-------------------------------------------
     0 | D:1      | a3don the Minotaur Berserker began the quest for the Orb.
     0 | D:1      | Reached XP level 1. HP: 19/19 MP: 0/0
   316 | D:1      | Found a faded altar of an unknown god.
   321 | D:1      | Reached XP level 2. HP: 26/27 MP: 1/1
   359 | D:1      | Reached skill level 4 in Axes
   373 | D:1      | You fall into a shaft and drop 1 floor!
   381 | D:2      | Reached XP level 3. HP: 21/33 MP: 2/2
  1195 | D:2      | Found Hitisat's Armour Shop.
  1204 | D:2      | Bought a +0 chain mail for 63 gold pieces
  1306 | D:2      | Reached XP level 4. HP: 40/40 MP: 3/3
  1722 | D:3      | Noticed Jessica
  1734 | D:3      | Killed Jessica
  1735 | D:3      | Reached skill level 5 in Axes
  2013 | D:3      | Reached ** piety under Trog
  2028 | D:3      | Reached XP level 5. HP: 40/47 MP: 4/4
  2039 | D:3      | Identified the +3 leather armour of Laull {Regen+}
  2754 | D:4      | Reached XP level 6. HP: 52/55 MP: 5/5
  2845 | D:4      | Noticed Dowan
  2856 | D:4      | Killed Dowan
  2857 | D:4      | Reached skill level 6 in Axes
  2860 | D:4      | Reached skill level 5 in Fighting
  3458 | D:4      | Found a runed translucent door.
  3459 | D:4      | Noticed Crazy Yiuf
  3492 | D:4      | Noticed Duvessa
  3503 | D:4      | Killed Duvessa
  3504 | D:4      | Reached skill level 1 in Evocations
  3504 | D:4      | Reached XP level 7. HP: 51/61 MP: 6/6
  3884 | D:4      | Killed Crazy Yiuf
  3920 | D:5      | Entered Level 5 of the Dungeon
  4026 | D:5      | Reached skill level 7 in Axes
  4026 | D:5      | Reached skill level 5 in Armour
  4265 | D:5      | Reached XP level 8. HP: 70/70 MP: 7/7
  4318 | D:5      | Reached skill level 5 in Dodging
  4637 | D:5      | Reached skill level 8 in Axes
  4724 | D:6      | Found a staircase to the Ecumenical Temple.
  5855 | D:6      | Noticed an oklob plant
  5869 | D:6      | Reached skill level 9 in Axes
  6265 | D:7      | Reached XP level 9. HP: 79/79 MP: 8/8
  6376 | D:7      | Reached *** piety under Trog
  6839 | D:7      | Reached skill level 10 in Axes
  6869 | D:7      | Noticed a troll
  6875 | D:7      | Killed a troll
  7264 | D:7      | Reached skill level 11 in Axes
  7615 | D:8      | Reached XP level 10. HP: 89/90 MP: 9/9
  7876 | D:8      | Found Cuirchig's Antique Weapon Shop.
  8349 | D:8      | Noticed a manticore
  8363 | D:8      | Killed a manticore
  8683 | D:8      | Noticed Maggie
  8696 | D:8      | Killed Maggie
  8940 | D:8      | Reached skill level 12 in Axes
  8974 | D:8      | Noticed a centaur warrior
  8986 | D:8      | Killed a centaur warrior
  9295 | D:9      | Noticed Prince Ribbit
  9300 | D:9      | Killed Prince Ribbit
  9398 | D:9      | Found a staircase to the Lair.
  9447 | D:9      | Found a broken altar of Ashenzari.
  9995 | D:9      | Reached skill level 13 in Axes
 10074 | D:9      | Reached XP level 11. HP: 99/99 MP: 10/10
 10078 | D:9      | Reached **** piety under Trog
 10574 | Lair:1   | Entered Level 1 of the Lair of Beasts
 10653 | Lair:1   | Reached skill level 10 in Fighting
 10732 | Lair:1   | Noticed a six-headed hydra
 10741 | Lair:1   | Killed a six-headed hydra
 10917 | Lair:1   | Reached skill level 10 in Armour
 10925 | Lair:1   | Reached skill level 14 in Axes
 10925 | Lair:1   | Found a frozen archway.
 11041 | Lair:1   | Identified the +5 trident of the Destroying Bear {drain,
                  | Dex+7}
 11124 | Lair:1   | Noticed Fannar
 11143 | Lair:1   | Killed Fannar
 11523 | Lair:2   | Noticed Erica
 11533 | Lair:2   | Killed Erica
 12250 | Lair:2   | Reached skill level 15 in Axes
 12643 | Lair:2   | Reached XP level 12. HP: 110/110 MP: 11/11
 13621 | Lair:3   | Noticed a six-headed hydra
 13631 | Lair:3   | Killed a three-headed hydra
 13825 | Lair:3   | Reached skill level 16 in Axes
 14449 | Lair:3   | Found a hole to the Spider Nest.
 14645 | Lair:4   | Noticed a four-headed hydra
 14663 | Lair:4   | Killed a one-headed hydra
 15484 | Lair:4   | Found a transporter.
 15484 | Lair:4   | Noticed Shayle's ghost (journeyman DjWr)
 15490 | Lair:4   | Found a bloodstained altar of Trog.
 15498 | Lair:4   | Reached skill level 17 in Axes
 15523 | Lair:4   | Found a transporter.
 15609 | Lair:4   | Reached XP level 13. HP: 33/119 MP: 12/12
 16208 | Lair:4   | Found a staircase to the Shoals.
 16399 | Lair:5   | Found a dark tunnel.
 16672 | Lair:5   | Found a shimmering altar of Xom.
 16672 | Lair:5   | Noticed Devyomi's ghost (journeyman GrBe)
 17094 | Lair:5   | Found a runed translucent door.
 17921 | D:10     | Entered Level 10 of the Dungeon
 18894 | D:11     | Reached skill level 18 in Axes
 19428 | D:11     | Reached ***** piety under Trog
 19891 | D:11     | Found a staircase to the Orcish Mines.
 20129 | Orc:1    | Entered Level 1 of the Orcish Mines
 20129 | Orc:1    | You fall into a shaft and drop 1 floor!
 20129 | Orc:2    | Entered Level 2 of the Orcish Mines
 20130 | Orc:2    | Found Vyqosk's Armour Shoppe.
 20372 | Orc:2    | Noticed Saint Roka
 20489 | Orc:2    | Killed Saint Roka
 20816 | Orc:2    | Bought a +2 cloak for 264 gold pieces
 21343 | Orc:2    | Found a staircase to the Elven Halls.
 21957 | Orc:2    | Reached XP level 14. HP: 122/130 MP: 13/13
 22011 | Orc:2    | Found Xihenum's Jewellery Boutique.
 22011 | Orc:2    | Found Nuin's General Store.
 22013 | Orc:2    | Found Vypuxza's Armour Boutique.
 22013 | Orc:2    | Found Haeckic's Jewellery Shoppe.
 22046 | Orc:2    | Bought the ring of the Death Scarab {rPois EV+4 Dex+4} for
                  | 778 gold pieces
 22434 | Orc:1    | Reached skill level 19 in Axes
 22539 | Orc:1    | Found Muump's General Store.
 22546 | Orc:1    | Bought a potion of heal wounds for 60 gold pieces
 22648 | Orc:2    | Bought a scroll of identify for 26 gold pieces
 22648 | Orc:2    | Bought a scroll of enchant armour for 97 gold pieces
 22979 | D:12     | Reached skill level 5 in Evocations
 23469 | D:12     | Reached skill level 15 in Armour
 23779 | D:13     | Found a runed translucent gate.
 23779 | D:13     | Found a runed translucent gate.
 23779 | D:13     | Found a runed translucent gate.
 24323 | D:13     | Noticed Jiziv's ghost (journeyman DjCj)
 24434 | D:13     | HP: 5/133 [five-headed hydra (4)]
 24434 | D:13     | HP: 2/133 [five-headed hydra (3)]
 25177 | D:14     | Identified the +0 tower shield of Intuition {Regen+}
 25177 | D:14     | Noticed Louise
 25195 | D:14     | Killed Louise
 25345 | D:14     | Reached skill level 1 in Shields
 25357 | D:14     | Found Reogi's Book Boutique.
 25550 | D:14     | Found a gate to the Vaults.
 25624 | D:14     | Reached skill level 15 in Fighting
 25638 | D:14     | Reached skill level 5 in Shields
 25638 | D:14     | Reached XP level 15. HP: 127/141 MP: 14/14
 25692 | D:14     | Found an ornate altar of the Wu Jian Council.
 25907 | D:14     | Found a burning altar of Makhleb.
 25948 | D:15     | Entered Level 15 of the Dungeon
 26023 | D:15     | Found a staircase to the Depths.
 26024 | D:15     | Noticed a fire giant
 26041 | D:15     | Killed a fire giant
 26295 | Spider:1 | Entered Level 1 of the Spider Nest
 26847 | Spider:1 | HP: 2/143 [wolf spider simulacrum (30)]
 27065 | Spider:1 | You fall into a shaft and drop 1 floor!
 27117 | Spider:2 | Noticed an emperor scorpion
 27129 | Spider:2 | Killed an emperor scorpion
 27158 | Spider:2 | Noticed an emperor scorpion
 27172 | Spider:2 | Killed an emperor scorpion
 27278 | Spider:1 | Reached skill level 10 in Shields
 27544 | Spider:1 | Identified the +1 glaive "Cueng" {freeze, rPois Dex+4}
 28112 | Spider:2 | Found a runed translucent door.
 28113 | Spider:2 | Noticed an emperor scorpion
 28113 | Spider:2 | Noticed Efoceph's ghost (adept GnFi)
 28946 | Spider:2 | Upgraded the game from 0.28-a0-1518-gbe868bca14 to
                  | 0.28-a0-1524-ge72afd5fc6
 29351 | Spider:3 | Reached XP level 16. HP: 154/154 MP: 15/15
 29460 | Spider:3 | Received a gift from Trog
 30319 | Spider:4 | Entered Level 4 of the Spider Nest
 31113 | Spider:4 | Noticed Arachne
 31125 | Spider:4 | Killed Arachne
 31138 | Spider:4 | Reached skill level 15 in Shields
 32062 | Spider:4 | Got a gossamer rune of Zot
 32660 | Shoals:1 | Entered Level 1 of the Shoals
 32660 | Shoals:1 | Noticed Nikola
 32672 | Shoals:1 | Killed Nikola
 32673 | Shoals:1 | Reached XP level 17. HP: 146/166 MP: 16/16
 32758 | Shoals:1 | Received a gift from Trog
 32759 | Shoals:1 | Reached skill level 20 in Axes
 32981 | Orc:2    | Bought a ring of flight for 262 gold pieces
 33467 | Shoals:1 | Noticed a kraken
 33594 | Shoals:1 | Killed a kraken
 34479 | Shoals:2 | Noticed a kraken
 34541 | Shoals:2 | Killed a kraken
 35356 | Shoals:3 | Received a gift from Trog
 35566 | Shoals:3 | Noticed Roxanne
 35586 | Shoals:3 | Killed Roxanne
 36247 | Shoals:4 | Entered Level 4 of the Shoals
 36907 | Shoals:4 | Reached XP level 18. HP: 154/178 MP: 17/17
 36907 | Shoals:4 | Received a gift from Trog
 36917 | Shoals:4 | Identified the +2 leather armour of the Northern Lights
                  | {rF- rN+ rCorr Slay+3}
 37135 | Shoals:4 | HP: 3/178 [merfolk javelineer/silver javelin (7)]
 37135 | Shoals:4 | HP: 1/178 [merfolk javelineer/silver javelin (2)]
 37136 | Shoals:4 | Hit by a silver javelin thrown by a merfolk javelineer

Illustrated notes

Levels and vault maps discovered:
D:1:      sevenhm_arrival_forest_fort_small_6, layout_basic,
          hellmonk_ecumenical_altar_lost_god, minmay_misc_feat_five
D:2:      layout_basic, serial_curves, eino_curves_02, eino_curves_03,
          eino_curves_03, eino_curves_03, serial_shops, nicolae_shop_trees
D:3:      layout_rooms, kennysheep_generic_room_8, uniq_jessica
D:4:      layout_basic, uniq_crazy_yiuf_cottage, uniq_duvessa
D:5:      layout_gridville, kennysheep_path_1
D:6:      lemuel_slime, layout_loops_ring, minmay_temple_entry_glass
D:7:      minmay_spotlight, layout_loops_corners,
          minmay_fractal_squares_diagonal_5
D:8:      layout_loops_ring, serial_shops, nicolae_take_the_stairs,
          grunt_potential, uniq_maggie
D:9:      minmay_polygon_palace, layout_loops_ring, evilmike_ruin_ashenzari,
          uniq_prince_ribbit1
D:10:     layout_rooms
D:11:     layout_cave_pools, erik_orc_3, minivault_25, wad_woods_river_04,
          nicolae_lava_and_water, minmay_misc_feat_ornament
D:12:     layout_roguey
D:13:     layout_big_octagon, gammafunk_ghost_spectres, st_stairs_9
D:14:     layout_cave_pools, erik_vaults_2, nicolae_wu_jian_immortal_techniques,
          serial_shops, shop, bloody_makhleb, uniq_louise
D:15:     grunt_enter_depths_giant_problem, layout_loops_cross,
          chequers_serial_rivers_micro_d, drop_trap
Lair:1:   layout_misc_corridors, portal_ice_cave_rime, grunt_megastairs_4,
          uniq_fannar
Lair:2:   layout_roguey [special_room_bee], special_room,
          nicolae_quartered_pool_super, beast_lair_carwin_3, uniq_erica
Lair:3:   layout_long_grid, spider_nest_entry_web_field
Lair:4:   layout_hall_layers, elwin_shoals_entry_stream,
          gammafunk_ghost_wrathful_warriors
Lair:5:   layout_roguey, ebering_ghost_xom, enter_volcano_2,
          serial_bayou_shore_a
Shoals:1: layout_shoals, uniq_nikola
Shoals:2: layout_shoals
Shoals:3: layout_shoals, nicolae_shoals_water_booths, uniq_roxanne
Shoals:4: shoals_end_simple, layout_shoals, nicolae_shoals_lost_giant_temple
Spider:1: layout_cave_pods, drop_trap
Spider:2: layout_spider_delve, ebering_ghost_inner_flame
Spider:3: layout_spider_delve
Spider:4: grunt_spider_rune_parallel, uniq_arachne
Orc:1:    layout_caves, serial_shops, nicolae_shop_statue_plus
Orc:2:    grunt_orc_tribal_feast, layout_caves, serial_shops, shop,
          nicolae_orc_lava_room, uniq_saint_roka

Skill      XL: |  1  2  3  4  5  6  7  8  9 10 11 12 13 14 15 16 17 |
---------------+----------------------------------------------------+-----
Axes           | 4 5 6 7 9 11 13 15 17 18 19 20 | 20.0
Fighting       | 4 5 6 7 8 9 11 12 13 15 16 18 19 | 19.8
Armour         | 3 4 5 6 8 9 11 12 14 15 17 | 17.4
Dodging        | 3 4 6 7 8 9 |  9.0
Evocations     | 1 2 4 6 |  6.1
Shields        | 5 12 16 19 | 19.4

Action                   |  1- 3 |  4- 6 |  7- 9 | 10-12 | 13-15 | 16-18 || total
-------------------------+-------+-------+-------+-------+-------+-------++-------
Melee: Hand axe          |    43 |   127 |   188 |       |       |       ||   358
       Headbutt          |     6 |    23 |    52 |   106 |   287 |   211 ||   685
       Punch             |       |     2 |     2 |     4 |    12 |       ||    20
       War axe           |       |       |    72 |   566 |  1182 |   455 ||  2275
       Morningstar       |       |       |       |     3 |       |       ||     3
       Scimitar          |       |       |       |     9 |    19 |       ||    28
       Broad axe         |       |       |       |       |       |   447 ||   447
Throw: Javelin           |       |     3 |     3 |     3 |     3 |     2 ||    14
       Dart              |       |       |       |     7 |    10 |    48 ||    65
Invok: Berserk           |     1 |     3 |     7 |    16 |    13 |     7 ||    47
       Trog's Hand       |       |       |       |    10 |    14 |    13 ||    37
       Brothers in Arms  |       |       |       |       |     6 |     3 ||     9
Evoke: Wand              |       |       |       |       |     4 |     1 ||     5
  Use: Scroll            |       |       |       |    15 |    22 |     9 ||    46
       Potion            |       |       |       |     2 |     2 |     2 ||     6
 Stab: Distracted        |       |       |       |       |     1 |       ||     1
       Held in net/web   |       |       |       |       |       |     1 ||     1
Armor: Animal skin       |     2 |       |       |       |       |       ||     2
       Ring mail         |     9 |       |       |       |       |       ||     9
       Chain mail        |     2 |    54 |   147 |   315 |    55 |       ||   573
       Crystal plate arm |       |       |       |       |   638 |   504 ||  1142
Dodge: Dodged            |    20 |    59 |    87 |   316 |   445 |   297 ||  1224
Block: Other             |       |       |       |       |    91 |       ||    91
       Reflection        |       |       |       |       |    23 |    98 ||   121
       Tower shield      |       |       |       |       |   640 |  1238 ||  1878
       Buckler           |       |       |       |       |    35 |       ||    35

Table legend: (Time is in decaauts)
 A = Elapsed time spent in this place.
 B = Non-inter-level travel time spent in this place.
 C = Inter-level travel time spent in this place.
 D = Time resting spent in this place.
 E = Time spent auto-exploring this place.
 F = Levels seen in this place.
 G = Mean time per level.
                   A        B        C        D        E       F      G
               +--------+--------+--------+--------+--------+-----+--------+
         Total |  37244 |  35279 |   1965 |  10364 |  17361 |  30 | 1241.5 |
       Dungeon |  16563 |  15723 |    840 |   4114 |   9037 |  15 | 1104.2 |
          Lair |   7613 |   7140 |    473 |   2637 |   3715 |   5 | 1522.6 |
        Shoals |   4009 |   3850 |    159 |    656 |   1864 |   4 | 1002.2 |
   Spider Nest |   6369 |   6112 |    257 |   1760 |   2110 |   4 | 1592.2 |
  Orcish Mines |   2687 |   2453 |    234 |   1195 |    634 |   2 | 1343.5 |
               +--------+--------+--------+--------+--------+-----+--------+

Top non-repeatable levels by time:
  Lair:2: 2163 daAuts
  Lair:4: 1932 daAuts
Spider:4: 1931 daAuts
   Orc:2: 1859 daAuts
     D:8: 1738 daAuts
    D:13: 1583 daAuts
Spider:3: 1512 daAuts
Spider:1: 1499 daAuts
     D:7: 1459 daAuts
     D:9: 1448 daAuts
     D:6: 1440 daAuts
Spider:2: 1426 daAuts
  Lair:5: 1327 daAuts
     D:2: 1325 daAuts
Shoals:3: 1309 daAuts
